 Dungeon Crawl Stone Soup version 0.29.1-2-gbd0b4ee654 (webtiles) character file.

Game seed: 17384215809160551079

3064 adizb the Grappler (level 9, 0/81 (89) HPs)
             Began as a Troll Fighter on Oct 28, 2022.
             Was a Follower of Cheibriados.
             Slain by a wight
             ... wielding a +0 great sword
              (18 damage)
             ... on level 7 of the Dungeon.
             The game lasted 00:23:23 (4593 turns).

adizb the Grappler (Troll Fighter)                  Turns: 4593, Time: 00:23:23

HP:   0/81 (89)     AC:  8    Str: 29    XL:     9   Next: 57%
MP:   8/8           EV:  9    Int:  7    God:    Cheibriados [*.....]
Gold: 434           SH: 10    Dex: 16    Spells: 8/8 levels left

rFire   . . .      SeeInvis .     - Unarmed
rCold   . . .      Faith    .   b - +0 kite shield
rNeg    + . .      Spirit   .   z - +2 robe {rN+}
rPois   .          Reflect  .   a - +0 hat
rElec   .          Harm     .   f - +1 cloak
rCorr   .          Rampage  .   (gloves unavailable)
Will    .....                   (boots unavailable)
Stlth   +.........              x - amulet of regeneration
HPRegen 1.83/turn               (no ring)
MPRegen 0.11/turn               (no ring)

@: drained, very slow
A: large, unfitting armour, claws 3, regeneration 1, shaggy fur 1, tough skin 1
a: Renounce Religion, Bend Time


You were on level 7 of the Dungeon.
You worshipped Cheibriados.
Cheibriados was aware of your devotion.
You visited 2 branches of the dungeon, and saw 9 of its levels.

You collected 434 gold pieces.

Inventory:

Armour
 a - a +0 hat (worn)
 b - a +0 kite shield (worn)
 f - a +1 cloak (worn)
 u - +0 acid dragon scales
 z - a +2 robe of positive energy (worn)
Jewellery
 l - a +6 ring of intelligence
 x - an amulet of regeneration (around neck)
Wands
 j - a wand of polymorph (9)
 m - a wand of flame (12)
 n - a wand of quicksilver (23)
Scrolls
 d - 3 scrolls of blinking
 g - a scroll of noise {unknown}
 p - 2 scrolls of fear {unknown}
 q - a scroll of vulnerability
 r - 3 scrolls of amnesia
 s - 2 scrolls of teleportation {unknown}
 t - a scroll of poison {unknown}
 w - 2 scrolls of identify
 y - a scroll of fog {unknown}
Potions
 c - a potion of might
 e - a potion of ambrosia
 h - 6 potions of curing
 i - a potion of brilliance
 k - a potion of heal wounds {unknown}
 o - 3 potions of attraction
 v - a potion of resistance {unknown}


   Skills:
 + Level 6.1 Fighting
 - Level 2.4 Dodging
 + Level 6.7 Shields
 * Level 9.7 Unarmed Combat


You had 8 spell levels left.
You didn't know any spells.
Your spell library contained the following spells:

 Spells                   Type           Power      Damage    Failure   Level
 Gell's Gravitas          Tloc           0%         N/A       96%         3
 Lesser Beckoning         Tloc           0%         N/A       96%         3
 Teleport Other           Tloc           0%         N/A       96%         3
 Tukima's Dance           Hex            0%         N/A       96%         3
 Passage of Golubria      Tloc           0%         N/A       100%        4
 Yara's Violent Unravell  Hex/Tmut       0%         3d3       100%        5


Dungeon Overview and Level Annotations

Branches:
Dungeon (8/15)             Temple (1/1) D:5
   Lair: D:8-11

Altars:
Ashenzari
Cheibriados
Dithmenos
Elyvilon
Fedhas
Gozag
Kikubaaqudgha
Makhleb
Nemelex Xobeh
Qazlal
Ru
Sif Muna
Trog
Uskayaw
Vehumet
Wu Jian
Xom
Yredelemnul
Zin
The Shining One

Shops:
D:2 (


Innate Abilities, Weirdness & Mutations

You are too large for most types of armour.
You have claws for hands.
Your natural rate of healing is unusually fast.
You are covered in fur. (AC +1)
You have tough skin. (AC +1)


Message History

The kobold brigand hits you with a +0 club.
The wight closely misses you. You block the wight's attack.
You closely miss the wight.
The wight is heavily damaged.
The wight attacks as you move away!
The wight hits you with a +0 great sword.
The kobold brigand hits you with a +0 club.
You claw the kobold brigand!
The kobold brigand is moderately wounded.
The kobold brigand completely misses you.
The wight misses you.
You barely miss the kobold brigand.
The kobold brigand is moderately wounded.
You block the kobold brigand's attack. The wight closely misses you.
You miss the kobold brigand.
The kobold brigand is moderately wounded.
The kobold brigand completely misses you.
You block the wight's attack.
You claw the kobold brigand!
The kobold brigand is almost dead.
You closely miss the kobold brigand.
The kobold brigand is almost dead.
The kobold brigand hits you but does no damage.
The wight hits you with a +0 great sword.
You partially resist.
You feel drained.
You barely miss the wight.
The kobold brigand hits you with a +0 club.
The wight hits you with a +0 great sword!
You claw the wight!
The wight is almost destroyed.
The kobold brigand barely misses you.
The wight hits you with a +0 great sword!
* * * LOW HITPOINT WARNING * * *
You partially resist.
You feel drained.
* * * LOW HITPOINT WARNING * * *
You scratch the kobold brigand but do no damage.
The kobold brigand is almost dead.
The kobold brigand closely misses you.
The wight hits you with a +0 great sword!!
You die...

#.###.##...................# #.#.
#.#................####.#.(###...
..#.#.###.##.#.#.#.####.#........
#.#.#.###.##.......#....#....#.#.
..#.#......#.#.#.#.............#.
..#.#.#.####.....................
..#.#.#.# #..#.#.#...#..###......
..#.#.#.# #......................
..#.#...###..#.#@z......###......
.##..........####K......# #####.#
.............[...z...#..# #......
###.....................# #......
.##..........#######.#..# #......
....########.........#..# #......
....# #.###....###.###..#...
....# #.# #.................
....# #.# #....###.#.#.#....


You could see a kobold brigand and 2 wights.

Vanquished Creatures
  Pikel (D:4)
  Maggie (D:6)
  Grinder (D:6)
  Menkaure (D:6)
  2 water moccasins
  5 black bears
  2 ice beasts
  A centaur (D:6)
  3 bullfrogs
  A phantom (D:5)
  A scorpion (D:6)
  3 orc priests
  Crazy Yiuf (D:4)
  A hound (D:7)
  A jelly (D:7)
  2 gnoll boudas (D:6)
  4 iguanas
  Jessica (D:2)
  Ijyb (D:4)
  Natasha (thrice) (D:4)
  An orc wizard (D:3)
  9 gnolls
  8 adders
  An ufetubus (D:6)
  6 worms
  5 dart slugs
  7 orcs
  7 ball pythons
  8 endoplasms
  3 giant cockroaches
  12 goblins
  9 hobgoblins
  3 jackals (D:2)
  3 quokkas
  6 bats
  A frilled lizard (D:3)
  10 kobolds
  9 rats
144 creatures vanquished.

Notes
Turn   | Place    | Note
-------+----------+-------------------------------------------
     0 | D:1      | adizb the Troll Fighter began the quest for the Orb.
     0 | D:1      | Reached XP level 1. HP: 22/22 MP: 0/0
   183 | D:1      | Reached XP level 2. HP: 29/29 MP: 1/1
   229 | D:1      | Reached XP level 3. HP: 36/36 MP: 2/2
   277 | D:1      | Reached skill level 3 in Unarmed Combat
   671 | D:2      | Found a sacrificial altar of Ru.
   774 | D:2      | Found a faded altar of an unknown god.
   789 | D:2      | Reached XP level 4. HP: 42/44 MP: 3/3
   823 | D:2      | Noticed Jessica
   832 | D:2      | Killed Jessica
  1263 | D:2      | Found Omoce's Antique Weapon Emporium.
  1646 | D:3      | Reached skill level 4 in Unarmed Combat
  1646 | D:3      | Reached XP level 5. HP: 45/53 MP: 4/4
  2158 | D:4      | Noticed a black bear
  2166 | D:4      | Killed a black bear
  2167 | D:4      | Reached skill level 5 in Unarmed Combat
  2167 | D:4      | Reached XP level 6. HP: 46/61 MP: 5/5
  2196 | D:4      | Noticed Pikel
  2203 | D:4      | Noticed Natasha
  2209 | D:4      | Killed Pikel
  2210 | D:4      | Reached skill level 6 in Unarmed Combat
  2210 | D:4      | Reached XP level 7. HP: 25/70 MP: 6/6
  2221 | D:4      | Killed Natasha
  2345 | D:4      | Noticed Natasha
  2352 | D:4      | Killed Natasha
  2378 | D:4      | Found a runed translucent door.
  2379 | D:4      | Noticed Crazy Yiuf
  2384 | D:4      | Killed Crazy Yiuf
  2441 | D:4      | Noticed Ijyb
  2456 | D:4      | Killed Ijyb
  2457 | D:4      | Reached skill level 5 in Shields
  2457 | D:4      | Reached XP level 8. HP: 64/79 MP: 7/7
  2493 | D:4      | Noticed Natasha
  2498 | D:4      | Killed Natasha
  2616 | D:4      | Reached skill level 7 in Unarmed Combat
  2648 | D:5      | Entered Level 5 of the Dungeon
  2900 | D:5      | Found a staircase to the Ecumenical Temple.
  2915 | Temple   | Entered the Ecumenical Temple
  2966 | Temple   | Became a worshipper of Cheibriados the Contemplative
  3395 | D:5      | Reached skill level 5 in Fighting
  3489 | D:6      | Reached skill level 8 in Unarmed Combat
  3558 | D:6      | Noticed Menkaure
  3562 | D:6      | Killed Menkaure
  3628 | D:6      | Noticed Grinder
  3645 | D:6      | Paralysed by Grinder for 2 turns
  3648 | D:6      | Killed Grinder
  3649 | D:6      | Reached XP level 9. HP: 67/88 MP: 8/8
  3670 | D:6      | Reached * piety under Cheibriados
  3675 | D:6      | Noticed Maggie
  3690 | D:6      | Killed Maggie
  3691 | D:6      | Reached skill level 9 in Unarmed Combat
  4075 | D:7      | Found an ancient bone altar of Kikubaaqudgha.
  4593 | D:7      | Slain by a wight

Illustrated notes

Levels and vault maps discovered:
D:1:      spicycebolla_arrival_xxxplode, layout_basic, minmay_pentomino_o4
D:2:      layout_loops_corners, basic_altar, basic_ecumenical_altar,
          serial_shops, nicolae_shop_overgrown_old_shop, uniq_jessica
D:3:      layout_loops_cross
D:4:      layout_rooms, uniq_natasha, uniq_crazy_yiuf_cottage, uniq_pikel,
          uniq_ijyb
D:5:      layout_loops_corners, minmay_temple_entry_proselytizer
D:6:      layout_rooms, uniq_maggie, uniq_grinder, uniq_menkaure
D:7:      layout_basic, kiku_gazebo_pond_becter, serial_glass, glass_columns_b,
          glass_columns_a, glass_columns_b, glass_columns_b, dk_noncrumbling_4,
          kennysheep_nondescript
D:8:      layout_rooms, mainiacjoe_overflow_catwalk
Temple:   hellmonk_temple_of_storms

Skill      XL: |  1  2  3  4  5  6  7  8  9 |
---------------+----------------------------+-----
Shields        | 3 4 5 6 |  6.7
Unarmed Combat | 3 4 5 6 8 9 |  9.7
Fighting       | 3 4 5 6 |  6.1
Dodging        | |  2.4

Action                   |  1- 3 |  4- 6 |  7- 9 || total
-------------------------+-------+-------+-------++-------
Melee: Unarmed           |    82 |   131 |   213 ||   426
  Use: Scroll            |       |     2 |     6 ||     8
       Potion            |       |     1 |       ||     1
 Stab: Sleeping          |     2 |       |     2 ||     4
Armor: Robe              |    15 |    19 |    42 ||    76
       Acid dragon scale |       |       |     9 ||     9
Dodge: Dodged            |    18 |    42 |    78 ||   138
Block: Kite shield       |    16 |    34 |    79 ||   129
